Unix NetHack Version 5.0.0-0 post-release - last build Jul 19 2026 19:10:59 (3aa4ab31751d3886436d94b585a96704892fd477,branch:main).

Game began 2026-07-30 12:47:51, ended 2026-07-30 13:02:29.

Fendoran, lawful female human Archeologist

                                       ---
                                  ... --.--
                                  ..........
                                  .......@f.
                                   ........^
                                    ...

Fendoran the Digger        St:12 Dx:8 Co:15 In:17 Wi:15 Ch:8  Lawful
Dlvl:3  $:17 HP:0(23) Pw:11(11) AC:8  Xp:2 T:680 

Latest messages:
 You see here 3 gold pieces.
 $ - 3 gold pieces (12 in total).
 With great effort you move the boulder.
 Micio2 misses the lichen.
 Micio2 misses the lichen.
 You kill the lichen!
 There is a lichen corpse here; eat it? [ynq] (n) y
 This lichen corpse tastes okay.
 You finish eating the lichen corpse.
 You swap places with Micio2.
 You see here 9 darts.
 You swap places with Micio2.
 The door resists!
 The door opens.
 You see here 5 gold pieces.
 $ - 5 gold pieces (17 in total).
 With great effort you move the boulder.
 You try to move the boulder, but in vain.
 You try to move the boulder, but in vain.
 You try to move the boulder, but in vain.
 You descend the stairs.
 You climb up the stairs.
 You kill the lichen!
 You hear someone counting gold coins.
 You descend the stairs.
 What do you want to use or apply? [aefgh or ?*] g
 What do you want to rub on the stone? [$v or ?*] v
 v - a worthless piece of yellowish brown glass.
 A board beneath Micio2 squeaks an E flat loudly.
 The gnome lord swings his crossbow.
 The gnome lord hits!
 The gnome hits!
 Micio2 bites the gnome.
 The gnome is killed!
 You are hit by a crossbow bolt!
 You are hit by a crossbow bolt.
 You are hit by a crossbow bolt.
 You hear the howling of the CwnAnnwn...
 Micio2 eats a gnome corpse.
 What do you want to drink? [l or ?*] l
 That was smooth!
 The crossbow bolt hits Micio2.
 The crossbow bolt misses Micio2.
 You are hit by a crossbow bolt.
 You die...
 Do you want your possessions identified? [ynq] (y) y
 Do you want to see your attributes? [ynq] (y) y
 Do you want an account of creatures vanquished? [ynaq] (y) y
 Do you want to see your conduct and achievements? [ynq] (y) y
 Do you want to see the dungeon overview? [ynq] (y) y

Inventory:
 Coins    ('$')
  $ - 17 gold pieces
 Weapons  (')')
  q - 11 +0 orcish arrows
  r - 2 +0 orcish daggers
  a - a +2 bullwhip (weapon in right hand)
 Armor    ('[')
  c - an uncursed +0 fedora
  i - an uncursed +0 orcish helm (being worn)
  s - an uncursed +0 orcish helm
  b - an uncursed +0 leather jacket (being worn)
 Comestibles  ('%')
  d - 3 uncursed food rations
  u - a cursed food ration
  w - 2 uncursed lembas wafers
  p - an uncursed homemade tin of newt meat
  t - an uncursed lichen corpse
 Scrolls  ('?')
  m - an uncursed scroll of confuse monster
  n - a cursed scroll of enchant weapon
  j - an uncursed scroll of identify
  y - an uncursed scroll of remove curse
  x - a cursed scroll of teleportation
 Tools    ('(')
  h - an empty uncursed sack
  e - a +0 pick-axe (alternate weapon; not wielded)
  f - a tinning kit (0:58)
 Gems/Stones  ('*')
  v - an uncursed worthless piece of yellowish brown glass
  g - an uncursed touchstone

Fendoran the Archeologist's attributes:

Background:
 You were a Digger, a level 2 female human Archeologist.
 You were lawful, on a mission for Quetzalcoatl
 who was opposed by Camaxtli (neutral) and Huhetotl (chaotic).
 You were right-handed.
 You were in the Gnomish Mines, on level 3.
 You entered the dungeon 680 turns ago.
 There was a full moon in effect when your adventure ended.
 You had 30 experience points, 10 more were needed to attain level 3.

Basics:
 You had 0 out of 23 hit points.
 You had all 11 energy points (spell power).
 Your armor class was 8.
 Your wallet contained 17 zorkmids.
 Autopickup was off.

Final Characteristics:
 Your strength was 12 (limit:18/100).
 Your dexterity was 8 (limit:18).
 Your constitution was 15 (limit:18).
 Your intelligence was 17 (limit:18).
 Your wisdom was 15 (limit:18).
 Your charisma was 8 (limit:18).

Final Status:
 You weren't hungry.
 You were unencumbered.
 You were wielding a whip.
 You had basic skill with whip.

Final Attributes:
 You were fervently aligned.
 You had automatic searching.
 You were lucky.
 You are dead.

Miscellaneous:
 You didn't encounter any bones levels.
 Total elapsed playing time was 8 minutes and 40 seconds.

Major events:
 Turn
    1: Fendoran the lawful female human Archeologist entered the dungeon
  665: entered the Gnomish Mines
  680: killed by a crossbow bolt

You didn't know any spells.

Skills:
 Fighting Skills
   bare handed combat [Unskilled]
   two weapon combat  [Unskilled]
   riding             [Unskilled]
 Weapon Skills
   dagger             [Unskilled]
   knife              [Unskilled]
   pick-axe           [Basic]
   short sword        [Unskilled]
   saber              [Unskilled]
   club               [Unskilled]
   quarterstaff       [Unskilled]
   sling              [Unskilled]
   dart               [Unskilled]
   boomerang          [Unskilled]
   whip               [Basic]
   unicorn horn       [Unskilled]
 Spellcasting Skills
   attack spells      [Unskilled]
   healing spells     [Unskilled]
   divination spells  [Unskilled]
   matter spells      [Unskilled]

Voluntary challenges:
 Character rerolling was not enabled.
 You followed a strict vegan diet.
 You were an atheist.
 You never genocided any monsters.
 You never polymorphed an object.
 You never changed form.
 You used no wishes.
Achievement:
 You entered the Gnomish Mines.

 The Dungeons of Doom: levels 1 to 3
    Level 1:
    Level 2:
       Stairs down to The Gnomish Mines.
    Level 3:
 The Gnomish Mines:
    Level 3: <- You were here.
       Final resting place for
          you, killed by a crossbow bolt.


Vanquished creatures:
  a gnome
  2 jackals
  3 goblins
  5 lichens
  3 newts
14 creatures vanquished.

No species were genocided or became extinct.

Game over:
                       ----------
                      /          \
                     /    REST    \
                    /      IN      \
                   /     PEACE      \
                  /                  \
                  |     Fendoran     |
                  |      17 Au       |
                  |   killed by a    |
                  |  crossbow bolt   |
                  |                  |
                  |                  |
                  |       2026       |
                 *|     *  *  *      | *
        _________)/\\_//(\/(/\)/\//\/|_)_______

Goodbye Fendoran the Archeologist...

You died in The Gnomish Mines on dungeon level 3 with 256 points,
and 17 pieces of gold, after 680 moves.
You were level 2 with a maximum of 23 hit points when you died.

